 Dungeon Crawl Stone Soup version 0.29-a0-284-gf9362112df (webtiles) character file.

Game seed: 8558028739596256070

320388 Zonian the Eclecticist (level 20, -4/162 HPs)
             Began as a Demonspawn Ice Elementalist on Mar 19, 2022.
             Was a High Priest of Ashenzari.
             Slain by a deep troll (6 damage)
             ... led by an ironbound preserver
             ... while paralysed by a vampire knight
             ... on level 2 of the Vaults on Mar 20, 2022.
             The game lasted 04:25:35 (67191 turns).

Zonian the Eclecticist (DsIE)                      Turns: 67191, Time: 04:25:36

Health: -4/162     AC: 12    Str: 18    XL:     20   Next: 62%
Magic:  0/50       EV:  2    Int: 26    God:    Ashenzari [*****.]
Gold:   2067       SH:  0    Dex: 21    Spells: 3/53 levels left

rFire   + + +      SeeInvis +   P - +7 dagger "Joymyniak" {pain, rN+ Dex+2}
rCold   + . .      Faith    .   p - +0 buckler of the Prescient Ordeal {Fort, Comp} (curse)
rNeg    + . .      Spirit   +   r - +0 robe "I Foresaw This" {Contam rElec rCorr Slay+2 Stlth+, Cun, Alch} (curse)
rPois   +          Reflect  .   (helmet unavailable)
rElec   +          Harm     .   k - +2 cloak "Shattered Ethics" {rPois, Elem, Cun} (curse)
rCorr   +          Rampage  .   e - +2 pair of gloves "Prescient Urgency" {+Blink rF+ Int+3, Comp, Range} (curse)
Will    +....      Clarity  +   Z - +0 pair of boots of Ashenzari's Regret {Dex+3, Self, Elem} (curse)
Stlth   +++++++...              J - amulet "Eternal Oracle" {Regen+, Bglg, Cun} (curse)
HPRegen 1.17/turn               i - ring "Shackled Together" {rF+ rC+ Str+6 Dex+3, Elem, Evo} (curse)
MPRegen 0.64/turn               q - ring of Ashenzari's Burden {rF+ MP+9 Stlth+, Alch, Bglg} (curse)

@: paralysed, studying 2 skills
A: horns 3, thin metallic scales 2, magic shield, magic regeneration, demonic
magic 3, corrupting presence 1
}: 2/15 runes: serpentine, barnacled
a: Renounce Religion, Evoke Blink, Curse Item, Shatter the Chains


You were on level 2 of the Vaults.
You worshipped Ashenzari.
Ashenzari was extremely pleased with you.
You visited 7 branches of the dungeon, and saw 36 of its levels.
You visited 1 bazaar.
You also visited: Gauntlet and Volcano.

You collected 5109 gold pieces.
You spent 3042 gold pieces at shops.

Inventory:

Hand Weapons
 a - the +8 hand crossbow of Zin's Reproof {vorpal, rF+ Int+2}
   (You bought it in a shop on level 2 of the Snake Pit)

   Any ammunition fired from it inflicts extra damage upon your enemies.
   Int:       It affects your intelligence (+2).
   rF:        It protects you from fire.
 t - a +5 long sword of electrocution
 P - the +7 dagger "Joymyniak" (weapon) {pain, rN+ Dex+2}
   (You found it on level 8 of the Dungeon)

   In the hands of one skilled in necromantic magic, it inflicts extra damage on
   living creatures.
   Dex:       It affects your dexterity (+2).
   rN:        It protects you from negative energy.
Missiles
 c - 19 javelins
 u - 25 silver javelins
 D - 10 throwing nets
 S - 9 boomerangs of dispersal
 Y - 13 curare-tipped darts
Armour
 e - the cursed +2 pair of gloves "Prescient Urgency" (worn) {+Blink rF+ Int+3, Comp, Range}
   (You acquired it on level 1 of the Shoals)

   Int:       It affects your intelligence (+3).
   rF:        It protects you from fire.
   +Blink:    It lets you blink.
   It has a curse which improves the following skills: Companions: Summonings
   and Necromancy.
   Ranged Combat: Slings, Bows, Crossbows and Throwing.
 k - the cursed +2 cloak "Shattered Ethics" (worn) {rPois, Elem, Cun}
   (You found it on level 13 of the Dungeon)

   It has a curse which improves the following skills: Elements: Fire Magic, Ice
   Magic, Air Magic and Earth Magic.
   Cunning:   Dodging and Stealth.
 p - the cursed +0 buckler of the Prescient Ordeal (worn) {Fort, Comp}
   (You found it on level 2 of the Dungeon)

   It has a curse which improves the following skills: Fortitude: Armour and
   Shields.
   Companions: Summonings and Necromancy.
 r - the cursed +0 robe "I Foresaw This" (worn) {Contam rElec rCorr Slay+2 Stlth+, Cun, Alch}
   (You bought it in a shop on level 2 of the Snake Pit)

   Slay:      It affects your accuracy & damage with ranged weapons and melee
   (+2).
   rElec:     It insulates you from electricity.
   Contam:    It causes magical contamination when unequipped.
   rCorr:     It protects you from acid and corrosion.
   Stlth:     It makes you more stealthy.
   It has a curse which improves the following skills: Cunning: Dodging and
   Stealth.
   Alchemy:   Poison Magic and Transmutations.
 Z - the cursed +0 pair of boots of Ashenzari's Regret (worn) {Dex+3, Self, Elem}
   (You found it on level 2 of the Lair of Beasts)

   Dex:       It affects your dexterity (+3).
   It has a curse which improves the following skills: Introspection: Fighting
   and Spellcasting.
   Elements:  Fire Magic, Ice Magic, Air Magic and Earth Magic.
Magical Staves
 X - a staff of cold
Jewellery
 i - the cursed ring "Shackled Together" (left hand) {rF+ rC+ Str+6 Dex+3, Elem, Evo}
   (You found it on level 11 of the Dungeon)

   [ring of strength]

   Str:       It affects your strength (+6).
   Dex:       It affects your dexterity (+3).
   rF:        It protects you from fire.
   rC:        It protects you from cold.
   It has a curse which improves the following skills: Elements: Fire Magic, Ice
   Magic, Air Magic and Earth Magic.
   Evocations: Evocations.
 q - the cursed ring of Ashenzari's Burden (right hand) {rF+ MP+9 Stlth+, Alch, Bglg}
   (You took it off a spriggan on level 6 of the Lair of Beasts)

   [ring of protection from fire]

   rF:        It protects you from fire.
   MP:        It affects your magic capacity (+9).
   Stlth:     It makes you more stealthy.
   It has a curse which improves the following skills: Alchemy: Poison Magic and
   Transmutations.
   Beguiling: Conjurations, Hexes and Translocations.
 J - the cursed amulet "Eternal Oracle" (around neck) {Regen+, Bglg, Cun}
   (You found it on level 7 of the Dungeon)

   [amulet of regeneration]

   Regen:     It increases your rate of health regeneration.
   It has a curse which improves the following skills: Beguiling: Conjurations,
   Hexes and Translocations.
   Cunning:   Dodging and Stealth.
Wands
 d - a wand of acid (6)
 f - a wand of flame (63)
 A - a wand of iceblast (24)
 G - a wand of paralysis (23)
 O - a wand of charming (20)
 Q - a wand of digging (11)
 U - a wand of mindburst (5)
Scrolls
 b - 2 scrolls of fear
 h - 22 scrolls of teleportation
 l - 9 scrolls of magic mapping
 w - 7 scrolls of fog
 x - 8 scrolls of blinking
 y - 2 scrolls of silence
 I - 2 scrolls of summoning
 V - 5 scrolls of enchant weapon
Potions
 g - 6 potions of resistance
 m - 4 potions of invisibility
 n - 5 potions of haste
 o - 2 potions of magic
 s - a potion of ambrosia
 z - 12 potions of curing
 B - 2 potions of berserk rage
 C - 3 potions of flight
 H - 2 potions of might
 K - 5 potions of cancellation
 R - 3 potions of brilliance
 W - 3 potions of heal wounds
Miscellaneous
 v - a lightning rod (4/4)
 F - a condenser vane (inert)
 L - a tin of tremorstones (inert)
 M - a phantom mirror


   Skills:
 - Level 12.7(15.0) Fighting
 - Level 7.8(11.5) Short Blades
 - Level 13.1(14.0) Long Blades
 - Level 7.6(10.0) Crossbows
 - Level 2.3(4.1) Armour
 - Level 2.0(5.1) Dodging
 + Level 6.9(11.4) Stealth
 - Level 4.7(6.9) Shields
 + Level 15.1(17.3) Spellcasting
 + Level 14.9(18.2) Conjurations
 - Level 8.2(11.7) Hexes
 + Level 15.1(18.5) Necromancy
 - Level 2.1(4.6) Translocations
 - Level 2.5(6.0) Fire Magic
 - Level 14.5(19.0) Ice Magic
 - Level 5.6(10.0) Air Magic
 - Level 1.9(5.0) Earth Magic
 - Level 6.5(10.0) Poison Magic
 - Level 7.5(9.9) Evocations


You had 3 spell levels left.
You knew the following spells:

 Your Spells              Type           Power      Damage    Failure   Level
a - Freeze                Ice            100%       1d11      0%          1
b - Frozen Ramparts       Ice            100%       1d12      0%          3
c - Ozocubu's Armour      Ice            88%        N/A       0%          3
d - Hailstorm             Conj/Ice       88%        3d18      0%          4
e - Mephitic Cloud        Conj/Pois/Air  73%        N/A       1%          3
f - Iskenderun's Mystic   Conj/Tloc      70%        2d14      1%          4
g - Anguish               Hex/Necr       39%        N/A       1%          4
h - Ignite Poison         Fire/Tmut/Pois 50%        N/A       1%          3
i - Ozocubu's Refrigerat  Ice            44%        4d13      1%          7
j - Freezing Cloud        Conj/Ice/Air   40%        6-21      1%          5
k - Borgnjor's Vile Clut  Necr/Erth      35%        N/A       1%          5
l - Death Channel         Necr           43%        N/A       1%          6
m - Wereblood             Tmut           25%        N/A       3%          2

Your spell library contained the following spells:

 Spells                   Type           Power      Damage    Failure   Level
 Animate Skeleton         Necr           100%       N/A       0%          1
 Pain                     Necr           100%       1d9       0%          1
 Corpse Rot               Necr/Air       100%       N/A       0%          2
 Ensorcelled Hibernation  Hex/Ice        100%       N/A       0%          2
 Sublimation of Blood     Necr           87%        N/A       0%          2
 Vampiric Draining        Necr           87%        2d12      0%          3
 Foxfire                  Conj/Fire      100%       2x1d9     1%          1
 Sandblast                Erth           96%        2d20      1%          1
 Sting                    Tmut/Pois      100%       1d8       1%          1
 Passwall                 Tmut/Erth      30%        N/A       1%          2
 Poisonous Vapours        Pois/Air       100%       N/A       1%          2
 Scorch                   Fire           100%       2d10      1%          2
 Confusing Touch          Hex            70%        N/A       1%          3
 Dazzling Flash           Conj/Hex       100%       N/A       1%          3
 Spider Form              Tmut/Pois      49%        N/A       1%          3
 Stone Arrow              Conj/Erth      100%       3d13      1%          3
 Tukima's Dance           Hex            70%        N/A       1%          3
 Flame Wave               Conj/Fire      72%        2d13      1%          4
 Ice Form                 Ice/Tmut       65%        N/A       1%          4
 Sticky Flame             Conj/Fire      72%        2d9       1%          4
 Agony                    Necr           87%        N/A       1%          5
 Excruciating Wounds      Necr           43%        N/A       1%          5
 Fireball                 Conj/Fire      36%        3d15      1%          5
 Irradiate                Conj/Tmut      31%        3d24      1%          5
 Iskenderun's Battlesphe  Conj           87%        2d13      1%          5
 Conjure Ball Lightning   Conj/Air       38%        3x3d12    1%          6
 Orb of Destruction       Conj           43%        9d12      1%          7
 Iron Shot                Conj/Erth      35%        9d7       3%          6
 Starburst                Conj/Fire      36%        6d11      3%          6
 Summon Mana Viper        Hex/Summ       53%        N/A       6%          5
 Yara's Violent Unravell  Hex/Tmut       26%        3d11      6%          5
 Animate Armour           Summ/Erth      72%        N/A       9%          4
 Alistair's Intoxication  Tmut/Pois      32%        N/A       9%          5
 Enfeeble                 Hex            35%        N/A       19%         7
 Summon Forest            Summ/Tloc      18%        N/A       26%         5
 Eringya's Noxious Bog    Tmut/Pois      24%        N/A       43%         6
 Dispersal                Tloc           23%        N/A       52%         6
 Blade Hands              Tmut           12%        N/A       54%         5
 Summon Cactus Giant      Summ           12%        N/A       98%         6
 Necromutation            Tmut/Necr      32%        N/A       98%         8
 Dragon Form              Tmut           12%        N/A       100%        7
 Summon Hydra             Summ           12%        N/A       100%        7
 Disjunction              Tloc           23%        N/A       100%        8


Dungeon Overview and Level Annotations

Branches:
Dungeon (15/15)            Temple (0/1) D:5            Lair (6/6) D:9
 Shoals (4/4) Lair:4        Snake (4/4) Lair:3        Slime (0/5) Lair:5
    Orc (2/2) D:12            Elf (3/3) Orc:2        Vaults (2/5) D:13
  Crypt (0/3) Vaults:2     Depths (0/4) D:15        Volcano (visited)
Gauntlet (visited)

Altars:
Ashenzari
Fedhas
Gozag
Hepliaklqana
Makhleb
Nemelex Xobeh
Qazlal
Ru
Sif Muna
Vehumet
Xom
Yredelemnul
The Shining One
Beogh
Lugonu

Shops:
D:5 *   D:14 *   D:15 (   Orc:2 ?=!(   Elf:1 *(   Elf:2 *   Elf:3 (
Shoals:2 (   Snake:2 *([

Portals:
Abyss: Lair:6
Pandemonium: Orc:2

Annotations:
D:1 2 transporters
Lair:2 3 runed translucent doors, Qyfeneh's ghost, journeyman DsFi
Lair:5 exclusion: oklob plant
Snake:3 Roxanne


Innate Abilities, Weirdness & Mutations

You have a pair of large horns on your head.
You are mostly covered in thin metallic scales. (AC +3)
When hurt, damage is shared between your health and your magic reserves.
You regenerate magic rapidly.
Spells you cast and wands you use may paralyse nearby enemies.
Your presence sometimes corrodes those you injure.


Message History

The vampire knight bites you but does no damage.
A deep troll comes into view.
The vampire knight hits you with a +2 war axe!!
The vampire knight bites you!
The vampire knight draws strength from your injuries!
The vampire mage hits you but does no damage.
The vampire mage bites you but does no damage.
The deep troll bites you.
The deep troll claws you but does no damage. x2
The deep troll bites you. The deep troll claws you.
The deep troll claws you but does no damage.
You hear a horrible gurgling sound!
The deep troll bites you! The deep troll claws you. The deep troll claws you!
The vampire knight hits you with a +2 war axe!!
The vampire knight bites you. The deep troll bites you.
The deep troll claws you!
* * * LOW HITPOINT WARNING * * *
The deep troll claws you but does no damage.
The vampire mage hits you but does no damage.
The vampire mage bites you.
* * * LOW HITPOINT WARNING * * *
The vampire mage draws strength from your injuries!
The ironbound preserver mumbles some strange words.
The ironbound preserver begins to accept its allies' injuries.
The deep troll bites you!!
* * * LOW HITPOINT WARNING * * *
The deep troll claws you.
* * * LOW HITPOINT WARNING * * *
The deep troll claws you!
* * * LOW HITPOINT WARNING * * *
The vampire knight hits you with a +2 war axe.
* * * LOW HITPOINT WARNING * * *
The vampire knight bites you!
* * * LOW HITPOINT WARNING * * *
The vampire knight draws strength from your injuries!
The vampire mage mumbles some strange words.
The deep troll bites you!
* * * LOW HITPOINT WARNING * * *
The deep troll claws you!
You die...

..##....# { ,,, #......).###...
#####...##.. , #........###...
#(......##.., , ##........###...
##########.......##........######
# ......##........'...#. * **
*####'######'#######..?## ,,, ,
.................##...#. ,,* ,
......ZTz#######.#####'# >, ,
,,,8..T8Tp@8#..e..* ##.#.#)
,,,,,......TVV#.....* #..#)# , ,
,......zn.Ze > ,* ##.#)#.
.........#... , #####)# ,,
,,8...8...8#.....*,##[..#. , *
,,, .........# #### ##...##
,,.......... , , ##...#. , *
*##########**' ####'## * *
#.##.##.##


You could see a ghoul (sheltered), an ironbound preserver, a vampire knight
(sheltered), a deep elf death mage, 4 deep trolls, a vampire mage (invisible), 2
flying skulls, a yaktaur captain zombie (summoned) and a frost giant zombie
(summoned).

Vanquished Creatures
  Mara (Shoals:4)
  Vashnia (Snake:3)
  Asterion (Elf:3)
  A deep elf master archer (Elf:3)
  2 deep elf blademasters (Elf:3)
  Polyphemus (Shoals:2)
  3 sphinxes (Elf:2)
  6 nagarajas
  6 vault wardens
  Ilsuiw (Shoals:4)
  3 deep elf sorcerers (Elf:3)
  Louise (D:14)
  Aizul (Shoals:4)
  3 deep elf elementalists (Elf:3)
  3 very ugly things (Vaults:1)
  3 ironbound preservers
  A stone giant (Volcano)
  A war gargoyle (Vaults:2)
  3 ironbound thunderhulks (Vaults:2)
  2 deep elf demonologists
  An entropy weaver (Gauntlet)
  A minotaur (Gauntlet)
  3 dire elephants (Vaults:2)
  6 deep elf annihilators
  5 merfolk javelineers
  A fire dragon (Elf:2)
  The ghost of boltboy the Warrior, a journeyman MiFi of Okawaru (Orc:1)
  A crystal guardian (Vaults:2)
  4 deep elf high priests
  8 merfolk impalers
  7 deep elf death magi
  Erolcha (Orc:2)
  2 great orbs of eyes
  A spriggan zombie (D:15)
  2 yaktaur captains (Vaults:1)
  8 naga warriors
  3 salamander tyrants (Snake:4)
  4 vault guards
  A peacekeeper (Vaults:2)
  2 demonspawn (Orc:2)
  3 merfolk avatars
  5 boulder beetles
  3 catoblepae
  18 hydras
  14 centaur warriors
  6 ironbound frosthearts
  8 satyrs
  7 two-headed ogres
  4 alligator snapping turtles
  8 anacondas
  3 merfolk aquamancers (Shoals:4)
  32 dancing weapons
  3 death yaks (Shoals:2)
  3 tengu warriors
  11 orc high priests
  Sonja (Lair:1)
  2 thrashing horrors (Lair:6)
  13 deep elf knights
  16 naga sharpshooters
  Amaemon (Lair:4)
  2 sixfirhies (Orc:2)
  12 sea snakes
  2 skeletal warriors (D:15)
  2 glowing orange brains
  4 naga ritualists
  An orange crystal statue (Snake:4)
  10 deep trolls
  A phantasmal warrior (D:15)
  15 deep elf archers
  2 ironbound convokers (Vaults:2)
  5 lindwurms
  2 wizards
  27 deep elf pyromancers
  27 harpies
  7 mana vipers
  25 deep elf zephyrmancers
  A necromancer (D:15)
  11 orc knights
  3 salamanders
  Pikel (D:6)
  A stone giant zombie (D:15)
  29 ugly things
  A wolf spider (shapeshifter) (D:13)
  7 orc sorcerers
  A wolf spider (Gauntlet)
  25 fauns
  2 oklob plants (Shoals:1)
  16 manticores
  8 cyclopes
  8 merfolk sirens
  Maurice (Orc:2)
  11 vault sentinels
  29 black mambas
  2 molten gargoyles (Volcano)
  A stone giant skeleton (D:15)
  3 gargoyles
  3 guardian serpents
  An orange demon (Lair:4)
  2 torpor snails (Lair:5)
  12 water nymphs
  10 naga magi
  2 kobold demonologists
  5 cane toads
  6 rime drakes
  12 komodo dragons
  A tengu conjurer (D:11)
  An efreet (Volcano)
  14 yaktaurs
  5 unseen horrors
  A freezing wraith (D:12)
  An ancient zyme (Lair:6)
  An ice devil (Orc:2)
  19 merfolk
  3 meliai (D:15)
  A meliai (shapeshifter) (D:13)
  14 trolls
  2 blink frogs (shapeshifter)
  A hornet (shapeshifter) (D:13)
  8 wind drakes
  A tarantella (shapeshifter) (D:13)
  A polar bear (Lair:6)
  9 dream sheep
  30 blink frogs
  5 slime creatures
  9 snapping turtles
  2 large abominations (Lair:6)
  A jumping spider (shapeshifter) (Elf:1)
  An ettin skeleton (D:15)
  A shadow (D:8)
  9 air elementals
  A centaur simulacrum (D:15)
  41 yaks
  A jumping spider (Gauntlet)
  2 spriggans (Lair:6)
  6 wyverns
  11 small abominations (Lair:6)
  A vampire (D:9)
  A hog (shapeshifter) (D:15)
  4 basilisks
  4 ynoxinuls
  16 water elementals
  2 wraiths
  A redback (Gauntlet)
  2 steam dragons
  7 fire elementals
  2 chaos spawn (Lair:6)
  2 fire bats (Volcano)
  A golden eye (shapeshifter) (Lair:6)
  3 wargs
  A hell hound (Elf:2)
  40 nagas
  3 acid dragons
  15 water moccasins
  Duvessa (D:5)
  50 orc warriors
  2 sky beasts
  5 black bears
  2 ice beasts (D:6)
  9 ogres
  A boggart (D:11)
  9 wolves (Lair:2)
  6 centaurs
  A lemure (D:6)
  17 kobold brigands
  7 bullfrogs
  Blork the orc (D:5)
  5 earth elementals
  4 scorpions
  5 gnoll sergeants
  A necrophage (D:5)
  6 wights
  Dowan (D:5)
  10 killer bees
  4 electric eels
  3 howler monkeys (D:8)
  4 lava snakes (Volcano)
  A jelly (D:5)
  29 orc priests
  2 hounds
  2 gnoll shamans
  Ijyb (D:3)
  3 iguanas
  24 orc wizards
  28 gnolls
  9 adders
  2 shadow imps
  A white imp (D:5)
  A dart slug (D:2)
  94 orcs
  7 ball pythons
  4 bats
  6 endoplasms
  5 giant cockroaches
  14 goblins
  5 hobgoblins
  5 jackals
  2 quokkas
  3 frilled lizards
  15 kobolds
  7 rats
  A spectral orc (D:10)
  7 bushes (Shoals:1)
1365 creatures vanquished.

Vanquished Creatures (collateral kills)
  An ironbound preserver (Vaults:1)
  2 centaur warriors
  A naga sharpshooter (Snake:3)
  A deep troll (Vaults:1)
  A vault sentinel (Vaults:2)
6 creatures vanquished.

Vanquished Creatures (others)
  A merfolk aquamancer (Shoals:4)
  A shock serpent (Snake:2)
  A deep elf pyromancer (Elf:1)
  31 fungi
  336 plants
  9 withered plants (D:15)
379 creatures vanquished.

Grand Total: 1750 creatures vanquished

Notes
Turn   | Place    | Note
-------+----------+-------------------------------------------
     0 | D:1      | Zonian the Demonspawn Ice Elementalist began the quest for
                  | the Orb.
     0 | D:1      | Reached XP level 1. HP: 13/13 MP: 3/3
   622 | D:1      | Gained mutation: You are partially covered in thin metallic
                  | scales. (AC +2) [demonic ancestry]
   622 | D:1      | Reached XP level 2. HP: 19/19 MP: 3/5
  1630 | D:2      | Found a faded altar of an unknown god.
  1636 | D:2      | Prayed at the altar of an unknown god.
  1636 | D:2      | Became a worshipper of Ashenzari the Shackled
  1804 | D:2      | Reached XP level 3. HP: 22/24 MP: 3/6
  2848 | D:3      | Noticed Ijyb
  3025 | D:3      | Gained mutation: Spells you cast may paralyse adjacent
                  | enemies. [demonic ancestry]
  3025 | D:3      | Reached XP level 4. HP: 25/30 MP: 5/8
  3155 | D:3      | Reached * piety under Ashenzari
  3250 | D:3      | Killed Ijyb
  3251 | D:3      | Gained mutation: You are mostly covered in thin metallic
                  | scales. (AC +3) [demonic ancestry]
  3251 | D:3      | Reached XP level 5. HP: 16/35 MP: 5/10
  3511 | D:3      | Learned a level 3 spell: Frozen Ramparts
  3515 | D:3      | Learned a level 3 spell: Ozocubu's Armour
  3716 | D:3      | Found an opulent altar of Gozag.
  3717 | D:3      | Found a sparkling altar of Nemelex Xobeh.
  3843 | D:4      | Noticed a black bear
  3859 | D:4      | Killed a black bear
  3860 | D:4      | Reached skill level 5 in Ice Magic
  3983 | D:4      | Reached ** piety under Ashenzari
  3996 | D:4      | Found a sacrificial altar of Ru.
  4061 | D:4      | Found a shimmering blue altar of Sif Muna.
  4163 | D:4      | Found a radiant altar of Vehumet.
  4209 | D:4      | Reached XP level 6. HP: 19/41 MP: 10/12
  4675 | D:5      | Entered Level 5 of the Dungeon
  4730 | D:5      | Reached skill level 1 in Shields
  4976 | D:5      | Found Yxzou's General Store.
  5041 | D:5      | Bought a wand of iceblast (5) for 135 gold pieces
  5246 | D:5      | Noticed Duvessa
  5400 | D:6      | Noticed a sky beast
  5410 | D:6      | Killed a sky beast
  5737 | D:6      | Noticed an ice beast
  5759 | D:6      | Killed an ice beast
  5760 | D:6      | Gained mutation: You regenerate magic rapidly. [demonic
                  | ancestry]
  5760 | D:6      | Reached XP level 7. HP: 30/46 MP: 12/14
  6033 | D:6      | Reached skill level 5 in Spellcasting
  6125 | D:5      | Noticed Blork the orc
  6129 | D:5      | Killed Blork the orc
  6130 | D:5      | Reached skill level 1 in Short Blades
  6146 | D:5      | Killed Duvessa
  6477 | D:5      | Noticed Dowan
  6482 | D:5      | Killed Dowan
  6483 | D:5      | Gained mutation: You have a pair of small horns on your
                  | head. [demonic ancestry]
  6483 | D:5      | Reached XP level 8. HP: 42/52 MP: 14/16
  6842 | D:5      | Found a staircase to the Ecumenical Temple.
  6935 | D:5      | Found a shimmering altar of Xom.
  7560 | D:6      | Found a stormy altar of Qazlal.
  7884 | D:6      | Found a blossoming altar of Fedhas.
  7924 | D:6      | Noticed Pikel
  8050 | D:6      | Killed Pikel
  8706 | D:7      | Gained mutation: Spells you cast may paralyse nearby
                  | enemies. [demonic ancestry]
  8706 | D:7      | Reached XP level 9. HP: 29/57 MP: 14/19
  8711 | D:7      | Learned a level 4 spell: Hailstorm
  9050 | D:7      | Reached skill level 1 in Conjurations
 10291 | D:7      | HP: 1/57 [wyvern (13)]
 10555 | D:8      | Identified the +7 dagger "Joymyniak" {pain, rN+ Dex+2}
 11067 | D:8      | Noticed a cyclops
 11081 | D:8      | Killed a cyclops
 11335 | D:8      | Reached XP level 10. HP: 27/63 MP: 16/22
 12527 | D:8      | Reached skill level 5 in Conjurations
 12716 | D:8      | Reached skill level 1 in Necromancy
 13757 | D:9      | Found a hazy altar of Hepliaklqana.
 14057 | D:9      | Learned a level 3 spell: Mephitic Cloud
 14194 | D:9      | Identified the +9 battleaxe "Lathupt" {vorpal, rC+}
 14365 | D:9      | Found a staircase to the Lair.
 14536 | D:9      | Noticed a two-headed ogre
 14552 | D:9      | Killed a two-headed ogre
 14553 | D:9      | Reached skill level 1 in Air Magic
 14553 | D:9      | Reached skill level 1 in Poison Magic
 14697 | Lair:1   | Entered Level 1 of the Lair of Beasts
 15374 | Lair:1   | Reached *** piety under Ashenzari
 15546 | Lair:1   | Noticed Sonja
 15586 | Lair:1   | Reached XP level 11. HP: 40/68 MP: 22/24
 16231 | Lair:1   | Killed Sonja
 16569 | Lair:2   | Noticed a fire dragon
 16674 | Lair:2   | Found a runed translucent gate.
 16676 | Lair:2   | Found a runed translucent gate.
 16677 | Lair:2   | Found a runed translucent gate.
 16814 | Lair:2   | Identified the +0 pair of boots of Qopiso {Dex+3}
 16853 | Lair:2   | Reached **** piety under Ashenzari
 16921 | Lair:2   | Noticed Qyfeneh's ghost (journeyman DsFi)
 17060 | Lair:2   | Identified the ring of Biocvusi {Fire Stlth+}
 18148 | Lair:3   | Reached skill level 5 in Necromancy
 18390 | Lair:3   | Reached skill level 10 in Ice Magic
 19560 | Lair:3   | Found a staircase to the Snake Pit.
 19693 | Lair:3   | Gained mutation: Spells you cast and wands you use may
                  | paralyse nearby enemies. [demonic ancestry]
 19693 | Lair:3   | Reached XP level 12. HP: 19/74 MP: 22/27
 20309 | Lair:4   | Reached skill level 1 in Evocations
 20684 | Lair:4   | Found a staircase to the Shoals.
 21124 | Lair:4   | Reached skill level 10 in Spellcasting
 21124 | Lair:4   | Reached skill level 5 in Poison Magic
 21582 | Lair:4   | Reached skill level 5 in Short Blades
 21963 | Lair:4   | Noticed Amaemon
 21971 | Lair:4   | Killed Amaemon
 21978 | Lair:4   | Reached skill level 5 in Air Magic
 22623 | Lair:5   | Found a staircase to the Slime Pits.
 23101 | Lair:5   | Reached skill level 1 in Fighting
 23686 | Lair:6   | Entered Level 6 of the Lair of Beasts
 23688 | Lair:6   | Noticed a boulder beetle
 23696 | Lair:6   | Reached skill level 1 in Armour
 23911 | Lair:5   | Learned a level 4 spell: Iskenderun's Mystic Blast
 23916 | Lair:5   | Learned a level 4 spell: Anguish
 23920 | Lair:5   | Learned a level 3 spell: Ignite Poison
 24552 | Lair:6   | Noticed an eight-headed hydra
 24563 | Lair:6   | Killed an eight-headed hydra
 24564 | Lair:6   | Reached XP level 13. HP: 85/88 MP: 24/29
 25388 | Lair:6   | Reached skill level 1 in Hexes
 25394 | Lair:6   | Reached skill level 1 in Fire Magic
 25422 | Lair:6   | Reached skill level 1 in Translocations
 26421 | Lair:6   | Reached skill level 5 in Fighting
 27296 | Lair:6   | Identified the ring "Tiushat" {rF+ MP+9 Stlth+}
 27330 | Lair:6   | Reached ***** piety under Ashenzari
 27780 | Lair:6   | Learned a level 7 spell: Ozocubu's Refrigeration
 27851 | Lair:6   | Found a one-way gate to the infinite horrors of the Abyss.
 28577 | Lair:6   | Found a corrupted altar of Lugonu.
 28591 | Lair:6   | Learned a level 5 spell: Freezing Cloud
 28953 | D:10     | Entered Level 10 of the Dungeon
 29684 | D:10     | Found a large runed translucent door.
 29685 | D:10     | Found a large runed translucent door.
 29916 | D:10     | Gained mutation: When hurt, damage is shared between your
                  | health and your magic reserves. [demonic ancestry]
 29916 | D:10     | Reached XP level 14. HP: 108/108 MP: 31/31
 30421 | D:10     | Found a basalt altar of Yredelemnul.
 31141 | D:11     | Found a gate leading to a gauntlet.
 31251 | Gauntlet | Entered a Gauntlet
 31251 | Gauntlet | Found a transporter.
 31262 | Gauntlet | Found a transporter.
 31264 | Gauntlet | Found a transporter.
 31281 | Gauntlet | Found a transporter.
 31291 | Gauntlet | Found a transporter.
 31310 | Gauntlet | Noticed a quicksilver ooze
 31310 | Gauntlet | Identified the +0 pair of boots of the Desolation of Salt
                  | {Str+4}
 31312 | Gauntlet | Found a transporter.
 31330 | Gauntlet | Found a transporter.
 31333 | Gauntlet | Found a transporter.
 31333 | Gauntlet | Identified the amulet of Yxoigra {Regen+ Str+4 Int+2 Dex+2}
 31339 | Gauntlet | Found a transporter.
 31339 | Gauntlet | Found a transporter.
 31349 | Gauntlet | Found a transporter.
 31607 | Gauntlet | Identified the +0 hat of Thoughtfulness {+Inv}
 31617 | Gauntlet | Identified the Disquisition on Changing and Earth
 31757 | D:11     | Reached skill level 5 in Evocations
 31903 | D:11     | Identified the +0 crystal plate armour of Qazlal's
                  | Indignation {Rampage rElec rC- rN++}
 32138 | D:11     | Identified the ring of Kisagim {rF+ rC+ Str+6 Dex+3}
 32738 | D:12     | Found a staircase to the Orcish Mines.
 33363 | D:13     | Found a gate to the Vaults.
 34137 | D:14     | Noticed Louise
 34351 | D:14     | Reached skill level 10 in Fighting
 34432 | D:14     | Gained mutation: You have a pair of horns on your head.
                  | [demonic ancestry]
 34432 | D:14     | Reached XP level 15. HP: 105/120 MP: 32/32
 34509 | D:14     | Found Jajuisas's Assorted Antiques.
 35153 | D:14     | Killed Louise
 35154 | D:14     | Reached skill level 5 in Hexes
 35950 | D:15     | Entered Level 15 of the Dungeon
 36004 | D:15     | Reached skill level 10 in Conjurations
 36123 | D:15     | Found a staircase to the Depths.
 36495 | D:5      | Bought a +2 long sword of electrocution for 310 gold pieces
 36959 | D:15     | Found Amenkan's Weapon Shop.
 36968 | D:15     | Bought a +5 hand crossbow of freezing for 366 gold pieces
 37887 | D:15     | Reached skill level 1 in Long Blades
 38151 | Orc:1    | Entered Level 1 of the Orcish Mines
 38838 | Orc:1    | Found a runed translucent gate.
 38840 | Orc:1    | Found a runed translucent gate.
 38841 | Orc:1    | Found a runed translucent gate.
 38842 | Orc:1    | Noticed boltboy's ghost (journeyman MiFi)
 38903 | Orc:1    | Killed boltboy's ghost
 39198 | Orc:2    | Entered Level 2 of the Orcish Mines
 39208 | Orc:2    | Found a dark tunnel.
 39219 | Volcano  | Entered a volcano
 39667 | Volcano  | Found a radiant altar of Vehumet.
 39884 | Orc:2    | Found a staircase to the Elven Halls.
 39926 | Orc:2    | Noticed Maurice
 40023 | Orc:2    | Killed Maurice
 40316 | Orc:2    | Noticed Erolcha
 40317 | Orc:2    | Reached skill level 1 in Crossbows
 40320 | Orc:2    | Killed Erolcha
 40385 | Orc:2    | Found a burning altar of Makhleb.
 40494 | Orc:2    | Found Rarchag's Distillery.
 40514 | Orc:2    | Found Isonil's Magic Scroll Shoppe.
 40685 | Orc:2    | Bought a potion of heal wounds for 65 gold pieces
 40740 | Orc:2    | Gained mutation: You have a pair of large horns on your
                  | head. [demonic ancestry]
 40740 | Orc:2    | Reached XP level 16. HP: 109/131 MP: 34/34
 40747 | Orc:2    | Reached skill level 10 in Necromancy
 40842 | Orc:2    | Found Noin's Antique Weapon Shop.
 40910 | Orc:2    | Found a one-way gate leading to the halls of Pandemonium.
 40953 | Orc:2    | Found Kemnubeb's Jewellery Boutique.
 41717 | Snake:1  | Entered Level 1 of the Snake Pit
 42985 | Snake:2  | Learned a level 5 spell: Borgnjor's Vile Clutch
 43488 | Snake:2  | Found Intut's Armour Shoppe.
 43500 | Snake:2  | Found Moinluide's Weapon Shop.
 43500 | Snake:2  | Found Gegebomm's Assorted Antiques.
 43522 | Snake:2  | Bought a transparent robe for 148 gold pieces
 43522 | Snake:2  | Identified the +0 robe of the Sea {Contam rElec rCorr
                  | Slay+2 Stlth+} (You bought it in a shop on level 2 of the
                  | Snake Pit)
 43761 | Snake:2  | Reached skill level 1 in Earth Magic
 43834 | Snake:2  | Bought the +8 hand crossbow of Zin's Reproof {vorpal, rF+
                  | Int+2} for 887 gold pieces
 44788 | Snake:3  | Noticed Vashnia
 44797 | Snake:3  | HP: 6/133 [naga sharpshooter/arrow[Vashnia] (13)]
 44878 | Snake:3  | Killed Vashnia
 45265 | Snake:3  | Identified Roxanne's Handbook of Beyond
 45265 | Snake:3  | Noticed Roxanne
 46135 | Snake:4  | Entered Level 4 of the Snake Pit
 46464 | Snake:4  | Found a gateway to a bazaar.
 46687 | Bazaar   | Entered a bazaar
 46700 | Bazaar   | Found Kinwez's Weapon Emporium.
 46725 | Bazaar   | Found Kampist's Magic Scroll Shoppe.
 46732 | Bazaar   | Bought a scroll of fear for 28 gold pieces
 46732 | Bazaar   | Bought a scroll of fog for 16 gold pieces
 46732 | Bazaar   | Bought a scroll of teleportation for 24 gold pieces
 46872 | Snake:4  | Reached XP level 17. HP: 140/140 MP: 30/35
 47740 | Snake:4  | Reached skill level 5 in Long Blades
 48111 | Snake:4  | Got a serpentine rune of Zot
 48475 | Shoals:1 | Entered Level 1 of the Shoals
 48753 | Orc:2    | Bought 2 potions of invisibility for 208 gold pieces
 48753 | Orc:2    | Bought 2 potions of invisibility for 208 gold pieces
 49566 | Shoals:1 | Identified a scroll of acquirement
 49631 | Shoals:1 | Acquired the +2 pair of gloves "Kanoiz" {+Blink rF+ Int+3}
 49961 | Shoals:1 | Reached skill level 5 in Crossbows
 50530 | Shoals:2 | Noticed Polyphemus
 50739 | Shoals:2 | Found Cutoomiu's Firing Range.
 50893 | Shoals:2 | Killed Polyphemus
 51924 | Shoals:3 | Identified the +7 shortbow of the Ubiquitous God {vorpal,
                  | rF+}
 52410 | Shoals:4 | Entered Level 4 of the Shoals
 52415 | Shoals:4 | Reached XP level 18. HP: 135/149 MP: 28/37
 52424 | Shoals:4 | Noticed Aizul
 52599 | Shoals:4 | Killed Aizul
 52819 | Shoals:4 | Identified the +1 pair of boots of Quih {rElec rF+ rC-
                  | Int+5}
 52968 | Shoals:4 | Noticed Ilsuiw
 52976 | Shoals:4 | Killed Ilsuiw
 53675 | Shoals:4 | Noticed Mara
 53684 | Shoals:4 | Killed Mara
 54073 | Shoals:4 | Got a barnacled rune of Zot
 55077 | Elf:1    | Entered Level 1 of the Elven Halls
 55343 | Elf:1    | Found Sesh's General Store.
 55348 | Elf:1    | Found Votife's Antique Weapon Emporium.
 56034 | Elf:1    | Paralysed by an air elemental for 1 turns
 57468 | Elf:2    | Paralysed by an air elemental for 1 turns
 57720 | Elf:2    | Reached XP level 19. HP: 143/155 MP: 14/39
 57780 | Elf:2    | Paralysed by a sphinx for 2 turns
 58040 | Elf:2    | Found Foefri Qozo's Assorted Antiques.
 58045 | Elf:2    | Bought an emerald ring for 165 gold pieces
 58098 | Elf:2    | Reached skill level 10 in Long Blades
 58920 | Elf:2    | Found a runed translucent gate.
 58920 | Elf:2    | Found a runed translucent gate.
 58931 | Elf:2    | Found a runed translucent gate.
 60366 | Elf:3    | Entered Level 3 of the Elven Halls
 60637 | Elf:3    | Noticed Asterion
 60867 | Elf:3    | Killed Asterion
 60974 | Elf:3    | Found a radiant altar of Vehumet.
 61003 | Elf:3    | Found a stormy altar of Qazlal.
 61317 | Elf:3    | Paralysed by an air elemental for 1 turns
 61873 | Elf:3    | Identified the ring of Incredulity {rPois rC- Int+8}
 62101 | Elf:3    | Identified the +9 mace "Goblinbane" {venom, Stlth+}
 62296 | Elf:3    | Found Saekiuwk's Antique Weapon Shop.
 62307 | Elf:3    | Identified the ring of Ehuzo {Fire rN+ Int+5 Dex-4 Stlth+}
 62418 | Elf:3    | Identified the +1 scimitar of Moilystro {holy, SInv}
 62456 | Elf:3    | Identified the +9 plate armour of Lugonu's Wrath {rPois
                  | rC+}
 63178 | Elf:3    | Identified the +4 broad axe of Dominance {vorpal, rF+++
                  | Int-5}
 63401 | Elf:3    | Identified the Disquisition on the Blaze and Contamination
 63448 | Elf:3    | Identified Meluked's Papyrus of Unholy Cold
 64570 | D:14     | Bought a scroll of summoning for 218 gold pieces
 64570 | D:14     | Bought a wand of iceblast (4) for 92 gold pieces
 64570 | D:14     | Bought a scroll of enchant weapon for 172 gold pieces
 64621 | Vaults:1 | Entered Level 1 of the Vaults
 64629 | Vaults:1 | Reached skill level 5 in Stealth
 64636 | Vaults:1 | Gained mutation: Your presence sometimes corrodes those you
                  | injure. [demonic ancestry]
 64636 | Vaults:1 | Reached XP level 20. HP: 103/162 MP: 9/40
 64987 | Vaults:1 | Learned a level 6 spell: Death Channel
 65369 | Vaults:1 | Learned a level 2 spell: Wereblood
 66447 | Vaults:2 | Reached skill level 15 in Spellcasting
 66568 | Vaults:2 | Reached skill level 15 in Necromancy
 67186 | Vaults:2 | Paralysed by a vampire knight for 5 turns
 67191 | Vaults:2 | HP: 8/162 [vampire knight/+2 war axe (6)]
 67191 | Vaults:2 | HP: 2/162 [deep troll[an ironbound preserver] (6)]
 67191 | Vaults:2 | Slain by a deep troll

Illustrated notes

Levels and vault maps discovered:
D:1:      spicycebolla_arrival_teleporter_tutorial, layout_basic
D:2:      layout_loops_corners, shapermc_ecumenical_altar_petra,
          chequers_mini_garden
D:3:      kennysheep_the_goblin_king, layout_rooms,
          grunt_temple_overflow_opulence
D:4:      layout_basic, nicolae_overflow_crystal_walls,
          mainiacjoe_overflow_boulevard, nicolae_sif_muna_condensation
D:5:      layout_loops_cross, mainiacjoe_overflow_alcove_2, temple_green,
          serial_shops, nicolae_shop_waterfront, minmay_misc_feat_hallway,
          uniq_duvessa, uniq_blork_the_orc
D:6:      layout_cave_pods, grunt_qazlal_clouds, fedhas_altar_fruit_tree,
          uniq_pikel
D:7:      layout_basic
D:8:      layout_basic, minmay_alternating_orb
D:9:      layout_loops_ring, lemuel_coloured_pillars_altar,
          grunt_lair_entry_orc_guard_hut, grunt_decor_mini_mirrors,
          kennysheep_generic_room_4
D:10:     minmay_razor_zed, layout_basic, yredelemnul_forgotten_temple_becter,
          lightli_elemental_guards
D:11:     layout_rooms, gauntlet_entry_generic, special_room
          [special_room_kobold], minmay_pinched_square
D:12:     layout_basic, kennysheep_orc_monster_closet_entryway,
          minmay_fractal_squares_gapless_5
D:13:     layout_basic, david_vaults_4, serial_park_tiny_pond
D:14:     layout_stronghold, serial_shops, nicolae_shop_stone, kennysheep_boxes,
          uniq_louise
D:15:     gammafunk_depths_entry_grave, layout_basic, serial_shops,
          nicolae_lakefront_shop, chequers_serial_rivers_micro_e
Lair:1:   layout_chaotic_city, lemuel_fruit_tree, uniq_sonja
Lair:2:   dragon1_lemuel, layout_hall_layers, portal_ice_cave_rime,
          gammafunk_ghost_icy
Lair:3:   layout_chaotic_city, minmay_snake_entry_spellcaster, st_stairs_11,
          beast_lair_carwin_1
Lair:4:   layout_cave_pods, elwin_shoals_entry_rocks,
          chequers_serial_rivers_small_a, minmay_lindwurm_lava,
          grunt_megastairs_3, infiniplex_staircase_pool_2, uniq_amaemon
Lair:5:   layout_gridlike, slime_dummy, minmay_lair_oklob_bushes, st_stairs_9,
          lemuel_fruit_fields, serial_bayou_shore_b, serial_bayou_shore_a
Lair:6:   hellmonk_lair_end_abyssal_woods, layout_cave_pods,
          serial_bayou_shore_b
Shoals:1: cheibrodos_shoals_satyrical_garden, layout_shoals,
          nicolae_shoals_this_corrosion
Shoals:2: layout_shoals, nicolae_shop_firing_range, uniq_polyphemus
Shoals:3: layout_shoals
Shoals:4: shoals_end_grunt_garden, layout_shoals, shoal_ilsuiw, uniq_aizul,
          uniq_mara
Snake:1:  layout_chambers, basic_altar, st_stairs_8, nicolae_snake_single_loop
Snake:2:  hangedman_cross_stitches, layout_grid_maze,
          nicolae_snake_serpentine_bazaar
Snake:3:  layout_chambers, drop_trap, grunt_megastairs_1, uniq_vashnia,
          uniq_roxanne
Snake:4:  minmay_snake_end_coiled, layout_misc_corridors, serial_shops,
          statue_bzr
Orc:1:    layout_diamond_mine, biasface_ghost_orc_armoury
Orc:2:    pf_orc_diabolical, layout_caves, nicolae_volcano_entry_hallway,
          basic_altar, minmay_orc_barracks, uniq_erolcha, uniq_maurice
Elf:1:    layout_onion_city, kennysheep_underground_church, minmay_shop_star
Elf:2:    nicolae_elf_blades_splatter_lattice
          [nicolae_blade_entry_crossed_weapons], layout_loops_ring, special_room
          [special_room_mythical_zoo], serial_shops, shop
Elf:3:    minmay_elf_hall_dome, layout_loops_corners, basic_altar, serial_shops,
          shop, nicolae_elf_altarnating, uniq_asterion
Vaults:1: hangedman_vaults_slice, ontoclasm_vaults_tryst,
          nicolae_vaults_gold_heap, v_misc_27, vaults_dpeg_hooks,
          nicolae_vaults_alarming, layout_vaults_omnigrid
Vaults:2: hangedman_vaults_corner, st_hourglassy, nicolae_vaults_arrows,
          minmay_crypt_entry_simple_plaza, hangedman_vaults_hat, v_pattern_3,
          hangedman_vaults_snaps, vaults_mumra_hex, grunt_vaults_hallway_long,
          layout_vaults_omnicross

Skill      XL: |  1  2  3  4  5  6  7  8  9 10 11 12 13 14 15 16 17 18 19 20 |
---------------+-------------------------------------------------------------+-----
Stealth        | 2 5 6 |  6.9
Dodging        | 2 |  2.0
Ice Magic      | 4 5 6 7 8 9 10 11 12 13 14 | 14.5
Spellcasting   | 3 4 5 6 8 9 10 11 12 13 14 15 | 15.1
Shields        | 2 3 4 |  4.7
Short Blades   | 2 4 5 6 7 |  7.8
Conjurations   | 4 6 7 8 9 10 11 12 13 14 | 14.9
Necromancy     | 3 5 7 8 9 10 12 13 14 15 | 15.1
Air Magic      | 1 4 5 |  5.6
Poison Magic   | 2 4 5 6 |  6.5
Evocations     | 3 4 5 7 |  7.5
Fighting       | 2 6 10 11 12 | 12.7
Armour         | 1 2 |  2.3
Hexes          | 3 4 6 7 8 |  8.2
Fire Magic     | 2 |  2.5
Translocations | 2 |  2.1
Long Blades    | 2 4 6 9 11 13 | 13.1
Crossbows      | 1 4 5 7 |  7.6
Earth Magic    | 1 |  1.9

Action                   |  1- 3 |  4- 6 |  7- 9 | 10-12 | 13-15 | 16-18 | 19-21 || total
-------------------------+-------+-------+-------+-------+-------+-------+-------++-------
Melee: Dagger            |    77 |   101 |   139 |   447 |   824 |   677 |   201 ||  2466
       Unarmed           |     2 |       |       |       |       |       |       ||     2
       Whip              |       |    14 |       |       |       |       |       ||    14
       Punch             |       |     1 |       |       |       |       |       ||     1
       Headbutt          |       |       |    23 |   107 |   217 |   208 |   106 ||   661
       Long sword        |       |       |       |       |    16 |     6 |    68 ||    90
       Staff             |       |       |       |       |       |    88 |    24 ||   112
 Fire: Hand crossbow     |       |       |       |       |    59 |    61 |    17 ||   137
 Cast: Freeze            |    49 |    20 |     5 |    25 |     9 |     6 |     2 ||   116
       Frozen Ramparts   |       |     2 |    28 |    40 |    29 |     9 |     1 ||   109
       Ozocubu's Armour  |       |     1 |     7 |    12 |    13 |     2 |     1 ||    36
       Hailstorm         |       |       |       |    13 |   103 |    29 |    37 ||   182
       Mephitic Cloud    |       |       |       |    17 |    46 |     4 |     5 ||    72
       Iskenderun's Myst |       |       |       |       |    37 |    24 |    44 ||   105
       Anguish           |       |       |       |       |    15 |     4 |       ||    19
       Ignite Poison     |       |       |       |       |     8 |       |       ||     8
       Ozocubu's Refrige |       |       |       |       |    47 |   189 |   111 ||   347
       Freezing Cloud    |       |       |       |       |     6 |     5 |       ||    11
       Borgnjor's Vile C |       |       |       |       |       |    16 |     7 ||    23
       Wereblood         |       |       |       |       |       |       |     7 ||     7
       Death Channel     |       |       |       |       |       |       |     4 ||     4
Invok: Curse Item        |     1 |     2 |     1 |     3 |     3 |     3 |       ||    13
       Shatter the Chain |       |       |       |       |     2 |     3 |       ||     5
 Abil: Evoke Blink       |       |       |       |       |       |       |     2 ||     2
Evoke: Wand              |       |     1 |    21 |    13 |    15 |    10 |     7 ||    67
       Condenser vane    |       |       |       |       |     2 |     1 |     1 ||     4
       Tin of tremorston |       |       |       |       |     1 |     5 |     4 ||    10
       Lightning rod     |       |       |       |       |       |     4 |     2 ||     6
  Use: Potion            |       |     1 |     2 |     5 |     2 |     5 |     7 ||    22
       Scroll            |       |       |     1 |     4 |     6 |     9 |     5 ||    25
 Stab: Sleeping          |     7 |       |     1 |     3 |    18 |    21 |    17 ||    67
       Paralysed         |       |    12 |    10 |    33 |    37 |    17 |    11 ||   120
       Distracted        |       |       |       |     1 |     1 |     3 |     2 ||     7
       Confused          |       |       |       |     7 |     9 |     1 |     3 ||    20
       Petrified         |       |       |       |       |       |       |     4 ||     4
       Petrifying        |       |       |       |       |       |       |     1 ||     1
Armor: Robe              |    28 |    31 |    39 |    58 |   113 |   128 |    78 ||   475
Dodge: Dodged            |    81 |    44 |    67 |   203 |   369 |   326 |   134 ||  1224
Block: Buckler           |       |     9 |    19 |    92 |   145 |   187 |    85 ||   537

Table legend: (Time is in decaauts)
 A = Elapsed time spent in this place.
 B = Non-inter-level travel time spent in this place.
 C = Inter-level travel time spent in this place.
 D = Time resting spent in this place.
 E = Time spent auto-exploring this place.
 F = Levels seen in this place.
 G = Mean time per level.
                   A        B        C        D        E       F      G
               +--------+--------+--------+--------+--------+-----+--------+
         Total |  66836 |  63282 |   3554 |  27465 |  18962 |  39 | 1713.7 |
       Dungeon |  23823 |  21980 |   1843 |   8611 |   8708 |  15 | 1588.2 |
          Lair |  14557 |  13716 |    841 |   7760 |   3021 |   6 | 2426.2 |
        Shoals |   6425 |   6189 |    236 |   2435 |   1617 |   4 | 1606.2 |
     Snake Pit |   6486 |   6291 |    195 |   1977 |   2310 |   4 | 1621.5 |
  Orcish Mines |   2901 |   2635 |    266 |    847 |    664 |   2 | 1450.5 |
   Elven Halls |   8940 |   8769 |    171 |   4795 |   1506 |   3 | 2980.0 |
        Vaults |   2503 |   2503 |      0 |    623 |   1135 |   2 | 1251.5 |
        Bazaar |     77 |     77 |      0 |      0 |      0 |   1 |   77.0 |
       Volcano |    660 |    660 |      0 |    267 |      0 |   1 |  660.0 |
      Gauntlet |    460 |    460 |      0 |    150 |      0 |   1 |  460.0 |
               +--------+--------+--------+--------+--------+-----+--------+

Top non-repeatable levels by time:
  Lair:6: 3865 daAuts
   Elf:3: 3431 daAuts
     D:8: 3029 daAuts
   Elf:2: 2959 daAuts
   Elf:1: 2549 daAuts
  Lair:5: 2404 daAuts
  Lair:4: 2333 daAuts
     D:7: 2266 daAuts
  Lair:2: 2181 daAuts
Shoals:1: 2098 daAuts
  Lair:3: 2086 daAuts
    D:10: 2075 daAuts
    D:14: 1963 daAuts
     D:6: 1949 daAuts
 Snake:4: 1925 daAuts
